 Dungeon Crawl Stone Soup version 0.31.0-9-g3a7656b989 (webtiles) character file.

Game seed: 11724214034849362006

255 qw the Skirmisher (level 5, -1/30 HPs)
             Began as a Deep Elf Hunter on Feb 2, 2024.
             Slain by Pikel
             ... wielding a +0 whip of flaming
              (4 damage)
             ... on level 4 of the Dungeon.
             The game lasted 00:00:14 (2829 turns).

qw the Skirmisher (Deep Elf Hunter)                 Turns: 2829, Time: 00:00:14

Health: -1/30      AC:  7    Str: 10    XL:     5   Next: 91%
Magic:  7/7        EV: 11    Int: 14    God:
Gold:   86         SH:  0    Dex: 18    Spells: 4/4 levels left

rFire   . . .        a - +0 shortbow
rCold   + . .        (shield currently unavailable)
rNeg    . . .        d - +0 ring mail
rPois   .            (no helmet)
rElec   .            (no cloak)
rCorr   .            c - +1 pair of gloves
SInv    .            (no boots)
Will    .....        (no amulet)
Stlth   +            j - ring of protection from cold
HPRegen 0.25/turn    (no ring)
MPRegen 0.10/turn

%: no passive effects
@: about to teleport
A: no striking features
a: no special abilities


You were on level 4 of the Dungeon.
You visited 1 branch of the dungeon, and saw 4 of its levels.

You collected 144 gold pieces.
You spent 58 gold pieces at shops.


   Skills:
 - Level 2.0 Fighting
 + Level 9.3 Ranged Weapons
 - Level 2.4 Dodging
 - Level 1.2 Stealth


You had 4 spell levels left.
You didn't know any spells.
Your spell library was empty.

Inventory:

Hand Weapons
 a - a +0 shortbow (weapon)
Armour
 c - a +1 pair of gloves (worn)
 d - a +0 ring mail (worn)
Jewellery
 j - a ring of protection from cold (left hand)
Scrolls
 o - 2 scrolls of teleportation
Potions
 e - 2 potions of mutation
 f - a potion of resistance
 g - 3 potions of curing
 h - a potion of might

Dungeon Overview and Level Annotations

Branches:
Dungeon (4/15)
 Temple: D:4-7

Altars:
Kikubaaqudgha
Trog
Xom
Yredelemnul

Shops:
D:2 [   D:4 :

Annotations:
D:4 Eustachio, Pikel


Message History

The hobgoblin closely misses you. The lemure hits you but does no damage.
The lemure misses you.
You shoot an arrow. The arrow hits the lemure.
The lemure is severely wounded.
The hobgoblin hits you. The lemure closely misses you. The lemure hits you.
You shoot an arrow. The arrow closely misses the lemure.
Your surroundings suddenly seem different.
You start resting.
Pikel, Merchant of Souls comes into view.
He is wielding a +0 whip of flaming.
2820 ||| FLEEEEING.
Pikel shouts!
You hear a shout!
2821 ||| FLEEEEING.
You start resting.
A lemure comes into view. x2
Enter note:
Enter note:
Enter note:
Enter note:
Enter note:
Enter note:
Enter note:
Enter note:
Enter note:
Enter note:
2825 ||| RETREEEEATING.
You shoot an arrow. The arrow barely misses Pikel.
Pikel hits you with a +0 whip of flaming.
Pikel burns you.
2827 ||| READING 3 scrolls of teleportation.
As you read the scroll of teleportation, it crumbles to dust.
You feel strangely unstable.
Pikel hits you with a +0 whip of flaming.
Pikel burns you.
You shoot an arrow. The arrow closely misses Pikel.
Pikel closely misses you.
You shoot an arrow. The arrow barely misses Pikel.
Pikel closely misses you.
Pikel hits you with a +0 whip of flaming.
You die...
Pikel says, "Another soul for the market."

.# .....#.....# #.##.##........
.# ..........# #.##.##.....### .
#####......#..###.##.##..##.###
......##........##.##.##..##.#.#
.................#####).......#.#
.......##.#...5..#####...........
.......##............##....#..#.#
#............#.#.###.............
#............#.#@#####.#......#.#
#............#.#K...##.####...)..
#........55...........)..##.....#
#...........#######.##.####.#...#
#...........# #.##........#..
#...........#######.#########.#.#
#......................########..
.................................
.................................


You could see Pikel and a lemure.

Vanquished Creatures
  3 hounds (D:4)
  An iguana (D:4)
  7 adders
  A ribbon worm (D:3)
  2 orcs (D:4)
  6 ball pythons
  4 bats
  4 endoplasms (D:1)
  2 giant cockroaches
  3 goblins
  8 hobgoblins
  7 jackals
  9 kobolds
  2 quokkas (D:1)
  14 frilled lizards
  5 rats
78 creatures vanquished.

Notes
Turn   | Place    | Note
-------+----------+-------------------------------------------
     0 | D:1      | qw the Deep Elf Hunter began the quest for the Orb.
     0 | D:1      | Reached XP level 1. HP: 12/12 MP: 3/3
     0 | D:1      | 0 ||| qw: Version: 0.3-a-155-g5e7d8dd
     0 | D:1      | 0 ||| qw: Game counter: 1477
     0 | D:1      | 0 ||| qw: Melee chars always use a shield: true
     0 | D:1      | 0 ||| qw: God list: Okawaru
     0 | D:1      | 0 ||| qw: Allow faded altars: false
     0 | D:1      | 0 ||| qw: Do Orc after clearing Dungeon:15 true
     0 | D:1      | 0 ||| qw: Do second Lair branch before Depths: true
     0 | D:1      | 0 ||| qw: Lair rune preference: random
     0 | D:1      | 0 ||| qw: Goals: Normal
     0 | D:1      | 0 ||| PLANNING D:1-11
   118 | D:1      | Reached XP level 2. HP: 16/16 MP: 4/4
   128 | D:1      | Reached skill level 6 in Ranged Weapons
   512 | D:1      | Reached XP level 3. HP: 20/20 MP: 5/5
   516 | D:1      | 516 ||| UPGRADING to +0 ring mail.
   526 | D:1      | 526 ||| DROPPING +0 leather armour.
   527 | D:1      | 527 ||| DROPPING ring of magical power.
   528 | D:1      | 528 ||| READING scroll labelled CEYSOP KEOKACH.
   529 | D:1      | 529 ||| READING scroll labelled TAT HAVU FUASE.
   529 | D:1      | 529 ||| IDENTIFYING metallic clear potion
   530 | D:1      | 530 ||| DROPPING scroll of butterflies.
   559 | D:2      | 559 ||| STAIRDANCE
   794 | D:2      | Reached skill level 7 in Ranged Weapons
   991 | D:2      | Found Weuv's Armour Emporium.
   999 | D:2      | 999 ||| BUYING +0 pair of gloves (58 gold).
   999 | D:2      | Bought a +0 pair of gloves for 58 gold pieces
   999 | D:2      | 999 ||| SHOPLISTING +4 ring mail of willpower (403 gold,
                  | have 29).
  1076 | D:2      | 1076 ||| UPGRADING to +0 pair of gloves.
  1081 | D:2      | 1081 ||| READING scroll labelled NOSUENN BIONO.
  1086 | D:2      | 1086 ||| DRINKING 3 smoky black potions.
  1125 | D:3      | Found a faded altar of an unknown god.
  1182 | D:3      | Reached XP level 4. HP: 9/25 MP: 6/6
  1385 | D:3      | Found an ancient bone altar of Kikubaaqudgha.
  1780 | D:3      | 1780 ||| UPGRADING to ring of protection from cold.
  1781 | D:3      | 1781 ||| READING scroll of identify.
  1781 | D:3      | 1781 ||| IDENTIFYING fuming puce potion
  1782 | D:3      | 1782 ||| READING scroll labelled DYALEC GILAL.
  1796 | D:4      | Reached skill level 8 in Ranged Weapons
  1822 | D:4      | 1822 ||| STAIRDANCE
  1860 | D:4      | 1860 ||| STAIRDANCE
  1865 | D:4      | 1865 ||| STAIRDANCE
  1878 | D:4      | 1878 ||| STAIRDANCE
  1978 | D:4      | Reached XP level 5. HP: 12/29 MP: 7/7
  2157 | D:4      | Found a bloodstained altar of Trog.
  2214 | D:4      | Reached skill level 9 in Ranged Weapons
  2217 | D:4      | HP: 6/29 [orc/+1 flail of protection (5)]
  2348 | D:4      | Noticed Eustachio
  2370 | D:4      | 2370 ||| FLEEEEING.
  2371 | D:4      | 2371 ||| FLEEEEING.
  2372 | D:4      | 2372 ||| FLEEEEING.
  2373 | D:4      | 2373 ||| FLEEEEING.
  2374 | D:4      | 2374 ||| FLEEEEING.
  2375 | D:4      | 2375 ||| FLEEEEING.
  2376 | D:4      | 2376 ||| FLEEEEING.
  2377 | D:4      | 2377 ||| FLEEEEING.
  2378 | D:4      | 2378 ||| STAIRDANCE
  2394 | D:3      | 2394 ||| READING 2 scrolls of identify.
  2394 | D:3      | 2394 ||| IDENTIFYING fizzy purple potion
  2395 | D:3      | 2395 ||| READING scroll of identify.
  2395 | D:3      | 2395 ||| IDENTIFYING scroll labelled BABEWI VOYSMACIOTZ
  2396 | D:3      | 2396 ||| READING 2 scrolls labelled ACOYMITZUEC.
  2397 | D:3      | 2397 ||| READING scroll labelled TUJEEC JOTI.
  2398 | D:3      | 2398 ||| READING scroll labelled SUAGIM OKIBLET.
  2398 | D:3      | 2398 ||| ENCHANTING +0 pair of gloves.
  2399 | D:3      | 2399 ||| READING scroll labelled SOSYNEFAGH.
  2500 | D:3      | 2500 ||| DROPPING scroll of poison.
  2501 | D:3      | 2501 ||| DROPPING scroll of fear.
  2571 | D:4      | Found Iburghuitt's Book Boutique.
  2646 | D:4      | Found a shimmering altar of Xom.
  2646 | D:4      | Found a basalt altar of Yredelemnul.
  2783 | D:4      | Noticed a lemure
  2784 | D:4      | Noticed a lemure
  2796 | D:4      | HP: 5/30 [lemure[Pikel] (5)]
  2797 | D:4      | 2797 ||| READING 4 scrolls of teleportation.
  2798 | D:4      | HP: 2/30 [lemure[Pikel] (3)]
  2819 | D:4      | Noticed Pikel
  2820 | D:4      | 2820 ||| FLEEEEING.
  2821 | D:4      | 2821 ||| FLEEEEING.
  2824 | D:4      | Noticed a lemure
  2824 | D:4      | Noticed a lemure
  2825 | D:4      | 2825 ||| RETREEEEATING.
  2826 | D:4      | HP: 7/30 [Pikel/+0 whip of flaming (1)]
  2827 | D:4      | 2827 ||| READING 3 scrolls of teleportation.
  2827 | D:4      | HP: 3/30 [Pikel/+0 whip of flaming (4)]
  2829 | D:4      | Slain by Pikel

Levels and vault maps discovered:
D:1:      lightli_arrival_chessboard, layout_basic
D:2:      layout_rooms, serial_shops, shop
D:3:      layout_basic, mainiacjoe_overflow_paths,
          shapermc_ecumenical_altar_rom_forum, minmay_misc_feat_tiny,
          minmay_lizard_king
D:4:      layout_basic, trog_book, gammafunk_temple_overflow_wave, serial_shops,
          kennysheep_mini, uniq_eustachio, uniq_pikel

Skill      XL: |  1  2  3  4  5 |
---------------+----------------+-----
Ranged Weapons | 6 7 8 9 |  9.3
Fighting       | 2 |  2.0
Dodging        | |  2.4
Stealth        | |  1.2

Action                     |  1- 3 |  4- 6 || total
---------------------------+-------+-------++-------
   Fire: Shortbow          |   114 |   177 ||   291
    Use: Scroll            |     3 |    10 ||    13
         Potion            |     1 |       ||     1
 Armour: Leather armour    |     1 |       ||     1
         Ring mail         |    23 |    77 ||   100
  Dodge: Dodged            |    32 |    78 ||   110

Table legend:
 A = Non-vault XP
 B = Vault XP
 C = Vault XP percentage of total XP
 D = Non-vault monster count
 E = Vault monster count
 F = Vault count percentage of total count
                 A         B        C        D         E       F
            +---------+---------+-------+---------+---------+-------
      Total |     357 |       8 |   2.2 |      70 |       8 |  10.3
            +---------+---------+-------+---------+---------+-------
        D:1 |      43 |       0 |   0.0 |      24 |       0 |   0.0
        D:2 |      40 |       0 |   0.0 |      12 |       0 |   0.0
        D:3 |      50 |       8 |  13.8 |      17 |       8 |  32.0
        D:4 |     224 |       0 |   0.0 |      17 |       0 |   0.0
            +---------+---------+-------+---------+---------+-------
